 Dungeon Crawl Stone Soup version 0.18-a0-1577-gf591c28 (webtiles) character file.

118986 Sargon the Earth Mage (level 16, -5/130 HPs)
             Began as a Gargoyle Earth Elementalist on Mar 18, 2016.
             Was the Champion of Vehumet.
             Slain by a ghost moth (7 damage)
             ... on level 4 of the Spider Nest on Mar 20, 2016.
             The game lasted 06:44:55 (39415 turns).

Sargon the Earth Mage (GrEE)                       Turns: 39415, Time: 06:44:55

Health: -5/130     AC: 24    Str: 16      XL:     16   Next: 78%
Magic:  0/34       EV: 12    Int: 24 (27) God:    Vehumet [******]
Gold:   1540       SH:  0    Dex: 10      Spells: 10 memorised, 10 levels left

rFire  . . .     SeeInvis .     y - staff of conjuration
rCold  + . .     Gourm    .     F - +2 robe {Archmagi}
rNeg   + . .     Faith    .     (no shield)
rPois  ∞         Spirit   .     l - +1 helmet {Int+3}
rElec  +         Dismiss  .     D - +0 cloak
rCorr  .         Reflect  .     j - +0 pair of gloves
SustAt .         Harm     .     O - +2 pair of boots {run}
MR     +....                    (no amulet)
Stlth  ..........               g - ring of stealth
                                f - ring of protection from cold

@: berserking (expiring), flying, regenerating (expiring), very quick, somewhat
resistant to hostile enchantments, extremely unstealthy
A: big wings, blurry vision 1, negative energy resistance 1, electricity
resistance, unbreathing, petrification resistance, no device heal 1, rot
immunity, AC +11
a: Stop Flying, Renounce Religion


You were on level 4 of the Spider Nest.
You worshipped Vehumet.
Vehumet was exalted by your worship.
You were not hungry.

You visited 4 branches of the dungeon, and saw 25 of its levels.
You also visited: Ice Cave.

You collected 1820 gold pieces.
You spent 280 gold pieces at shops.

Inventory:

Hand Weapons
 C - a +3 quarterstaff of chaos
 Y - the +8 trident of the Octopus King {venom, rElec rPois MR+}
   (You found it in an ice cave)

   It poisons the flesh of those it strikes.
   It insulates you from electricity.
   It protects you from poison.
   It affects your resistance to hostile enchantments.
Missiles
 I - 57 stones (quivered)
Armour
 j - a +0 pair of gloves (worn)
 l - a +1 helmet of intelligence (worn)
 D - a +0 cloak (worn)
 F - a +2 robe of the Archmagi (worn)
 O - a +2 pair of boots of running (worn)
 W - the +1 ice dragon armour of the Moon {rF- rC++ MR- Int+5 SInv Stlth+}
   (You found it in an ice cave)

   It affects your intelligence (+5).
   It makes you vulnerable to fire.
   It greatly protects you from cold.
   It affects your resistance to hostile enchantments.
   It lets you see invisible.
   It makes you more stealthy.
Magical Staves
 r - an uncursed staff of energy
 y - an uncursed staff of conjuration (weapon)
Jewellery
 f - a ring of protection from cold (left hand)
 g - a ring of stealth (right hand)
Wands
 a - a wand of iceblast (6/15)
 b - a wand of slowing (23/48)
 p - a wand of hasting (5/9)
 G - a wand of iceblast (9/15)
 H - a wand of paralysis (21/24)
 P - a wand of confusion (0/48)
 X - a wand of flame (26/48)
Scrolls
 c - a scroll of enchant weapon
 h - 10 scrolls of remove curse
 i - 6 scrolls of fog
 k - a scroll of summoning {unknown}
 m - 3 scrolls of recharging
 n - 4 scrolls of amnesia
 q - 10 scrolls of identify
 t - 3 scrolls of fear
 v - a scroll of torment {unknown}
 w - 7 scrolls of blinking {unknown}
 z - 2 scrolls of immolation {unknown}
 B - a scroll of enchant armour
 J - 3 scrolls of random uselessness {unknown}
 M - 2 scrolls of acquirement {unknown}
 Q - 4 scrolls of noise {unknown}
 S - a scroll of magic mapping
 T - a scroll of brand weapon {unknown}
Potions
 s - 3 potions of haste
 x - a potion of might
 E - a potion of agility
 L - a potion of ambrosia
 N - a potion of magic
Books
 e - a book of Burglary

   Spells                             Type                      Level
   a - Swiftness                      Charms/Air                   2
   b - Passwall                       Transmutation/Earth          2
   c - Passage of Golubria            Translocation                4
   d - Lee's Rapid Deconstruction     Earth                        5
   e - Darkness                       Hexes                        6
   f - Invisibility                   Hexes                        6
 u - a book of the Earth

   Spells                             Type                      Level
   a - Leda's Liquefaction            Hexes/Earth                  4
   b - Bolt of Magma                  Conjuration/Fire/Earth       5
   c - Statue Form                    Transmutation/Earth          6
   d - Iron Shot                      Conjuration/Earth            6
   e - Shatter                        Earth                        9
Comestibles
 d - 5 bread rations
 A - 21 fruits


   Skills:
 - Level 5.0 Fighting
 - Level 5.2 Staves
 - Level 9.3 Armour
 - Level 1.5 Dodging
 - Level 2.1 Stealth
 + Level 14.1 Spellcasting
 - Level 12.0 Conjurations
 - Level 5.5 Charms
 - Level 5.0 Necromancy
 - Level 0.5 Translocations
 - Level 0.7 Transmutations
 - Level 19.0 Earth Magic
 - Level 6.4 Evocations


You had 10 spell levels left.
You knew the following spells:

 Your Spells              Type           Power        Failure   Level  Hunger
a - Sandblast             Erth           ######       0%          1    None
b - Stone Arrow           Conj/Erth      ######       0%          3    None
c - Passwall              Trmt/Erth      #######...   1%          2    None
d - Regeneration          Chrm/Necr      ######....   1%          3    None
e - Iron Shot             Conj/Erth      ########..   1%          6    #####..
f - Lee's Rapid Deconstr  Erth           ########..   1%          5    ##.....
g - Summon Butterflies    Summ           ####....     3%          1    None
h - Apportation           Tloc           ####......   2%          1    None
i - Shatter               Erth           ########..   43%         9    #######
j - Swiftness             Chrm/Air       #####...     1%          2    None


Dungeon Overview and Level Annotations

Branches:
Dungeon (11/15)            Temple (0/1) D:5            Lair (8/8) D:9
 Shoals (0/4) Lair:3       Spider (4/4) Lair:6        Slime (0/6) Lair:6
    Orc (2/2) D:10            Elf (0/3) Orc:2

Altars:
Ashenzari
Elyvilon
Nemelex Xobeh
Okawaru
Pakellas
Qazlal
Ru
Sif Muna
Vehumet
Zin
Beogh
Jiyva

Shops:
Orc:2 !([?

Annotations:
D:3 zkyp's ghost, amateur HuBe
D:11 mdfi's ghost, journeyman FoMo
Spider:4 Arachne


Innate Abilities, Weirdness & Mutations

You are resistant to torment.
Your stone body is resilient (AC +11).
You are immune to poison.
Your large and strong wings let you fly indefinitely.
You resist negative energy.
You are resistant to electric shocks.
You can survive without breathing.
You are immune to petrification.
You are immune to rotting.
Scrolls take you a little longer to read.
Potions and wands are less effective at restoring your health.


Message History

Something stings you but does no damage.
You barely miss something. The redback closely misses you.
The jumping spider pounces on you but does no damage.
The jumping spider bites you but does no damage.
Something hits you but does no damage. Something hits you!
* * * LOW HITPOINT WARNING * * *
Something stings you!
* * * LOW HITPOINT WARNING * * *
A redback comes into view.
You closely miss something.
Your skin is crawling a little less now.
The redback bites you but does no damage. x2
The jumping spider leaps!
A tarantella comes into view.
You closely miss something.
The tarantella hisses angrily.
The redback bites you.
* * * LOW HITPOINT WARNING * * *
Something hits you but does no damage. x2; Something stings you!
You die...

.##
#...#........#
##
#########...##
##.##......##
#.[.........#
##...##.....#
# ##...#....##
.## ##..##...#
....
#.{.##.###....
#.§@#####.....
#.ss####......
#...s.........
##............
#............
#........##...
.......ss.# ..
'%.........##
'...#.....##


You could see a jumping spider, a tarantella and 3 redbacks.

Vanquished Creatures
  Gastronok (D:9)
  Roxanne (Spider:3)
  An orc warlord (Orc:2)
  3 emperor scorpions
  3 spark wasps (Spider:4)
  Snorg (D:10)
  3 entropy weavers
  5 hydras
  A catoblepas (Lair:3)
  4 orc high priests (Orc:2)
  12 death yaks
  Urug (Lair:2)
  A fire crab (Lair:6)
  An unseen horror (D:10)
  3 hill giants
  4 orc knights (Orc:2)
  3 griffons
  An ugly thing (D:11)
  2 orc sorcerers (Orc:2)
  A siren (Lair:3)
  21 orb spiders
  17 wolf spiders
  2 moths of wrath
  A cyclops (Orc:2)
  6 hornets
  4 elephants (Lair:8)
  7 black mambas
  2 torpor snails
  2 ice statues (IceCv)
  14 spiny frogs
  9 demonic crawlers
  4 rime drakes
  9 komodo dragons
  A spriggan druid (Lair:8)
  15 jumping spiders
  9 ice devils (IceCv)
  6 trolls
  2 polar bears (Lair:8)
  Grinder (D:3)
  2 two-headed ogres (Orc:2)
  18 blink frogs
  11 spriggans (Lair:8)
  49 redbacks
  A wyvern (Lair:3)
  40 yaks
  A basilisk (Lair:8)
  24 tarantellas
  A hungry ghost (D:7)
  12 hippogriffs
  3 wargs (Orc:2)
  16 water moccasins
  3 sky beasts
  15 porcupines
  39 orc warriors
  3 ice beasts
  15 ogres
  8 black bears
  9 wasps
  33 wolves
  5 centaurs
  16 crocodiles
  14 giant frogs
  A gnoll sergeant (D:7)
  A water moccasin zombie (D:11)
  4 scorpions
  11 killer bees
  An electric eel (Lair:5)
  A howler monkey (D:5)
  2 crimson imps
  2 giant frog zombies
  5 hounds
  4 jellies
  A quasit (D:10)
  27 orc priests
  A gnoll shaman (Orc:2)
  13 orc wizards
  Crazy Yiuf (D:4)
  A giant frog skeleton (D:9)
  7 iguanas
  3 worker ants
  19 sheep
  2 hound skeletons (D:7)
  A howler monkey zombie (D:6)
  2 worker ant zombies (D:11)
  10 gnolls
  6 adders
  A howler monkey skeleton (D:7)
  39 river rats
  2 shadow imps
  19 white imps
  7 ufetubi (IceCv)
  3 adder skeletons
  3 worms
  3 dart slugs
  4 giant geckos
  93 orcs
  2 ball pythons
  8 bats
  5 giant cockroaches
  11 goblins
  A hobgoblin (D:1)
  6 jackals
  7 kobolds
  6 quokkas
  A giant newt (D:2)
  8 rats
  4 fungi
  A plant (Lair:8)
882 creatures vanquished.

Vanquished Creatures (others)
  A tarantella (Spider:3)
  A white imp (IceCv)
  2 ufetubi (IceCv)
  3 bushes
  40 fungi
  26 plants
73 creatures vanquished.

Grand Total: 955 creatures vanquished

Notes
Turn   | Place    | Note
--------------------------------------------------------------
     0 | D:1      | Sargon the Gargoyle Earth Elementalist began the quest for the Orb.
     0 | D:1      | Reached XP level 1. HP: 10/10 MP: 3/3
   129 | D:1      | Reached skill level 4 in Earth Magic
   169 | D:1      | Reached XP level 2. HP: 6/15 MP: 1/5
  1021 | D:2      | Reached skill level 5 in Earth Magic
  1021 | D:2      | Reached XP level 3. HP: 19/19 MP: 3/6
  1057 | D:2      | Learned a level 3 spell: Stone Arrow
  1070 | D:2      | Found a radiant altar of Vehumet.
  1077 | D:2      | Became a worshipper of Vehumet
  1372 | D:2      | Reached skill level 1 in Conjurations
  1467 | D:2      | Found a deep blue altar of Sif Muna.
  1471 | D:2      | Found a sparkling altar of Nemelex Xobeh.
  1472 | D:2      | Found a stormy altar of Qazlal.
  1479 | D:2      | Found an iron altar of Okawaru.
  1479 | D:2      | Found a glowing silver altar of Zin.
  1942 | D:3      | Noticed zkyp's ghost (amateur HuBe)
  2334 | D:3      | Reached * piety under Vehumet
  2334 | D:3      | Offered knowledge of Freeze by Vehumet.
  2334 | D:3      | Reached XP level 4. HP: 24/24 MP: 5/7
  2756 | D:4      | Noticed Grinder
  2764 | D:3      | Killed Grinder
  2764 | D:3      | Reached skill level 5 in Conjurations
  2764 | D:3      | Reached XP level 5. HP: 22/28 MP: 1/8
  2764 | D:3      | Reached XP level 6. HP: 25/32 MP: 1/9
  3658 | D:4      | Noticed Crazy Yiuf
  3678 | D:4      | Killed Crazy Yiuf
  3678 | D:4      | Reached XP level 7. HP: 18/36 MP: 1/10
  4184 | D:4      | Found a white marble altar of Elyvilon.
  4525 | D:5      | Entered Level 5 of the Dungeon
  4782 | D:5      | Reached skill level 6 in Earth Magic
  5309 | D:5      | Found a staircase to the Ecumenical Temple.
  5430 | D:5      | Reached XP level 8. HP: 41/41 MP: 6/14
  5500 | D:5      | Found a shattered altar of Ashenzari.
  5651 | D:5      | Offered knowledge of Shock by Vehumet.
  5767 | D:5      | Reached ** piety under Vehumet
  6020 | D:6      | Reached skill level 5 in Spellcasting
  6369 | D:6      | Reached skill level 1 in Staves
  6923 | D:7      | Identified Sif Muna's Guide on Transmigration
  7082 | D:7      | Reached skill level 7 in Earth Magic
  7105 | D:7      | Reached XP level 9. HP: 40/45 MP: 6/18
  7107 | D:7      | Reached skill level 1 in Fighting
  7546 | D:7      | Offered knowledge of Inner Flame by Vehumet.
  7550 | D:7      | Learned a level 2 spell: Passwall
  7815 | D:8      | Identified a +2 pair of boots of running (You found it on level 8 of the Dungeon)
  7900 | D:9      | Found a staircase to the Lair.
  7918 | D:8      | Noticed a hill giant
  7933 | D:9      | Reached skill level 5 in Fighting
  7946 | D:9      | Noticed a troll
  8009 | D:9      | Killed a troll
  8108 | D:8      | Found an oddly glowing altar of Pakellas.
  8211 | D:8      | Reached *** piety under Vehumet
  8526 | D:8      | Reached skill level 5 in Armour
  8756 | D:8      | Reached skill level 8 in Earth Magic
  8926 | D:8      | Offered knowledge of Iskenderun's Mystic Blast by Vehumet.
  8941 | D:8      | Learned a level 4 spell: Iskenderun's Mystic Blast
  9106 | D:8      | Reached XP level 10. HP: 59/59 MP: 9/19
  9154 | D:8      | Killed a hill giant
  9584 | D:9      | Found a sacrificial altar of Ru.
  9783 | D:8      | Reached skill level 10 in Conjurations
 10020 | D:9      | Noticed Gastronok
 10279 | Lair:1   | Entered Level 1 of the Lair of Beasts
 10657 | Lair:1   | Reached **** piety under Vehumet
 10893 | Lair:1   | Offered knowledge of Conjure Flame by Vehumet.
 10893 | Lair:1   | Reached skill level 5 in Staves
 11099 | Lair:2   | Noticed a spiny frog
 11101 | Lair:2   | Killed a spiny frog
 11101 | Lair:2   | Reached skill level 1 in Evocations
 11213 | Lair:2   | Noticed a six-headed hydra
 11219 | Lair:2   | Killed a six-headed hydra
 11254 | Lair:2   | Noticed a spiny frog
 11519 | Lair:2   | Noticed an eight-headed hydra
 11527 | Lair:2   | Killed an eight-headed hydra
 11527 | Lair:2   | Reached skill level 5 in Evocations
 11527 | Lair:2   | Reached XP level 11. HP: 63/63 MP: 5/20
 11528 | Lair:2   | Noticed Urug
 11660 | Lair:2   | Killed Urug
 11912 | Lair:2   | Reached skill level 9 in Earth Magic
 12294 | Lair:3   | Reached skill level 10 in Earth Magic
 13118 | Lair:3   | Got a pair of bloodstained gloves
 13129 | Lair:3   | Identified the cursed -4 pair of gloves of Trog's Benevolence {MR+ rCorr Dex+3} (You found it on level 3 of the Lair of Beasts)
 13261 | Lair:3   | Found a staircase to the Shoals.
 13325 | Lair:4   | Noticed a death yak
 13325 | Lair:4   | Noticed a death yak
 13325 | Lair:4   | Noticed a death yak
 13328 | Lair:4   | Noticed a death yak
 13328 | Lair:4   | Noticed a death yak
 13374 | Lair:3   | Killed a death yak
 13619 | Lair:3   | Killed a death yak
 13924 | Lair:3   | Reached XP level 12. HP: 62/68 MP: 8/21
 14907 | Lair:4   | Reached ***** piety under Vehumet
 14945 | Lair:4   | Offered knowledge of Iron Shot by Vehumet.
 14953 | Lair:4   | Learned a level 6 spell: Iron Shot
 15443 | Lair:5   | Found a frozen archway.
 15775 | Lair:5   | Reached skill level 11 in Earth Magic
 15853 | Lair:5   | Learned a level 5 spell: Lee's Rapid Deconstruction
 15897 | IceCv    | Entered an ice cave
 17213 | IceCv    | Got a polished ice dragon armour
 17279 | IceCv    | Identified the cursed +1 ice dragon armour of the Moon {rF- rC++ MR- Int+5 SInv Stlth+} (You found it in an ice cave)
 17295 | IceCv    | Identified the Collected Works on Boosts
 17687 | Lair:5   | Reached skill level 10 in Spellcasting
 17856 | Lair:5   | Reached XP level 13. HP: 72/72 MP: 18/27
 17861 | Lair:5   | Learned a level 3 spell: Regeneration
 17912 | Lair:5   | Offered knowledge of Poisonous Cloud by Vehumet.
 18178 | Lair:5   | Reached skill level 1 in Charms
 18178 | Lair:5   | Reached skill level 1 in Necromancy
 19916 | Lair:6   | Found a hole to the Spider Nest.
 20190 | Lair:6   | Reached skill level 5 in Charms
 20629 | Lair:6   | Reached skill level 5 in Necromancy
 20738 | Lair:6   | Found a staircase to the Slime Pits.
 20738 | Lair:6   | Found a viscous altar of Jiyva.
 21508 | D:9      | Killed Gastronok
 21508 | D:9      | Reached skill level 12 in Earth Magic
 21551 | D:10     | Entered Level 10 of the Dungeon
 22025 | D:11     | Found a labyrinth entrance.
 22141 | D:11     | Learned a level 1 spell: Summon Butterflies
 22143 | D:11     | Learned a level 1 spell: Apportation
 22367 | D:11     | Gained mutation: Your large and strong wings let you fly indefinitely. [Gargoyle growth]
 22367 | D:11     | Reached XP level 14. HP: 78/78 MP: 13/28
 22387 | D:11     | Noticed mdfi's ghost (journeyman FoMo)
 22730 | D:10     | Found a staircase to the Orcish Mines.
 22890 | D:10     | Found a roughly hewn altar of Beogh.
 23204 | Orc:1    | Entered Level 1 of the Orcish Mines
 23316 | Orc:1    | Noticed Snorg
 23783 | D:10     | Killed Snorg
 23964 | Orc:2    | Entered Level 2 of the Orcish Mines
 24198 | Orc:2    | Reached skill level 13 in Earth Magic
 24801 | Orc:2    | Found a roughly hewn altar of Beogh.
 25293 | Orc:2    | Found Kawann's Distillery.
 25302 | Orc:2    | Found Zeurghiext's Weapon Shop.
 26085 | Orc:2    | Noticed an orc warlord
 27044 | Orc:2    | Offered knowledge of Poison Arrow by Vehumet.
 27713 | Orc:2    | Killed an orc warlord
 28586 | Orc:2    | Found Voimaff's Magic Scroll Boutique.
 28659 | Orc:2    | Found a roughly hewn altar of Beogh.
 28934 | Orc:2    | Found Tasoem's Armour Shoppe.
 29116 | Orc:2    | Bought a +1 helmet of intelligence for 280 gold pieces
 29368 | Orc:2    | Found a staircase to the Elven Halls.
 29792 | Lair:5   | Offered knowledge of Freezing Cloud by Vehumet.
 30500 | Lair:7   | Reached XP level 15. HP: 78/82 MP: 27/31
 30858 | Lair:8   | Entered Level 8 of the Lair of Beasts
 31799 | Lair:8   | Reached skill level 14 in Earth Magic
 31878 | Lair:8   | Found a white marble altar of Elyvilon.
 32998 | Lair:8   | Offered knowledge of Ozocubu's Refrigeration by Vehumet.
 33017 | Lair:8   | Reached skill level 15 in Earth Magic
 33910 | Spider:1 | Entered Level 1 of the Spider Nest
 34396 | Lair:6   | Reached skill level 16 in Earth Magic
 35436 | Spider:2 | Reached skill level 17 in Earth Magic
 35992 | Spider:3 | Offered knowledge of Orb of Destruction by Vehumet.
 35992 | Spider:3 | Reached XP level 16. HP: 87/87 MP: 21/33
 36330 | Spider:3 | Noticed Roxanne
 36357 | Spider:3 | Killed Roxanne
 36357 | Spider:3 | Reached skill level 18 in Earth Magic
 36456 | Spider:3 | Gained mutation: Scrolls take you a little longer to read. [potion of mutation]
 36456 | Spider:3 | Gained mutation: Potions and wands are less effective at restoring your health. [potion of mutation]
 37077 | Spider:3 | Learned a level 9 spell: Shatter
 37331 | Spider:4 | Entered Level 4 of the Spider Nest
 37733 | Spider:4 | Noticed Arachne
 37747 | Spider:3 | Reached skill level 19 in Earth Magic
 38429 | Spider:3 | Reached ****** piety under Vehumet
 38429 | Spider:3 | Offered knowledge of Delayed Fireball by Vehumet.
 39244 | Spider:4 | Learned a level 2 spell: Swiftness
 39413 | Spider:4 | HP: 4/130 [something (7)]
 39415 | Spider:4 | Slain by a ghost moth

Vault maps used:
D:1:      ncdulo_wetmaze
D:2:      lemuel_crystal_altar, minmay_overflow_temple_star_hex,
          serial_bayou_pond_e, kennysheep_generic_room_6
D:4:      marbit_many_paths, first_bread, uniq_crazy_yiuf_cottage, uniq_grinder
D:5:      nicolae_ashenzari_panopticon, bloody_trog, cheibrodos_worm_habitat,
          minmay_temple_entry_crystal_x, grunt_decor_one_mirror
D:8:      johnstein_pakellas_death_squad
D:9:      kennysheep_mini, lair_0_dummy, uniq_gastronok
D:10:     minmay_orc_entry_temple_small
D:11:     wad_pebble_path, lab_entry_generic
Lair:1:   grunt_megastairs_1, lemuel_fruit_tree, bh_autumn_forest_stairs
Lair:2:   uniq_urug
Lair:3:   minmay_shoals_entry_lonely_mermaid, serial_bayou_crossing
Lair:4:   nicolae_quartered_pool_super, grunt_megastairs_4
Lair:5:   portal_ice_cave_entry_imps, serial_bayou_shore_a
Lair:6:   spider_nest_entry_funnel_web, slime_altar_1
Lair:8:   minmay_lair_end_enchanted_forest, basic_altar, grunt_megastairs_2,
          lemuel_fruit_fields, infiniplex_staircase_pool
Spider:3: nicolae_spider_cling_ruins, uniq_roxanne
Spider:4: johnstein_spider_rune_arachne_lair, uniq_norris, uniq_arachne
Orc:1:    basic_altar, uniq_snorg
Orc:2:    pubby_orc_utopia
IceCv:    ice_cave_small_demon

Skill      XL: |  1  2  3  4  5  6  7  8  9 10 11 12 13 14 15 16 |
---------------+-------------------------------------------------+-----
Earth Magic    | 4 5 6 7 8 10 11 12 13 17 19 | 19.0
Conjurations   | 2 5 7 8 10 11 12 | 12.0
Spellcasting   | 4 6 10 12 13 14 | 14.1
Staves         | 1 5 |  5.2
Fighting       | 5 |  5.0
Armour         | 5 9 |  9.3
Evocations     | 5 6 |  6.4
Charms         | 5 |  5.5
Necromancy     | 5 |  5.0
Dodging        | |  1.5
Stealth        | |  2.1
Translocations | |  0.5
Transmutations | |  0.7

Action                   |  1- 3 |  4- 6 |  7- 9 | 10-12 | 13-15 | 16-18 || total
-------------------------+-------+-------+-------+-------+-------+-------++-------
Melee: Staff             |       |       |    37 |    65 |    79 |    40 ||   221
Throw: Stone             |       |       |       |     1 |       |       ||     1
 Cast: Sandblast         |    64 |    36 |     8 |     4 |       |       ||   112
       Stone Arrow       |       |     1 |   139 |   374 |   567 |    33 ||  1114
       Iskenderun's Myst |       |       |     6 |    10 |       |       ||    16
       Passwall          |       |       |     1 |       |     1 |     3 ||     5
       Lee's Rapid Decon |       |       |       |    18 |   175 |    53 ||   246
       Iron Shot         |       |       |       |     4 |   146 |    67 ||   217
       Summon Butterflie |       |       |       |       |     3 |    30 ||    33
       Regeneration      |       |       |       |       |       |     6 ||     6
 Abil: Fly               |       |       |       |       |     6 |       ||     6
       Stop Flying       |       |       |       |       |     5 |       ||     5
Evoke: Wand              |       |       |       |     7 |       |     3 ||    10
  Use: Scroll            |       |       |    11 |     5 |     7 |       ||    23
       Potion            |       |       |       |    11 |     3 |    17 ||    31
  Eat: Chunk             |     5 |     2 |    15 |    13 |    70 |     7 ||   112
       Meat ration       |       |     1 |     1 |     3 |     2 |       ||     7
       Beef jerky        |       |       |     1 |       |       |       ||     1
       Pizza             |       |       |       |     1 |     3 |     2 ||     6
       Bread ration      |       |       |       |     2 |     7 |     4 ||    13
       Royal jelly       |       |       |       |       |     1 |       ||     1
